 Dungeon Crawl Stone Soup version 0.29-a0-613-gf2c431b9b9 (webtiles) character file.

Game seed: 3335976085297093136

35 moldycheese5 the Sneak (level 3, 0/16 HPs)
             Began as a Vine Stalker Enchanter on June 15, 2022.
             Slain by a gnoll
             ... wielding a +0 spear
              (2 damage)
             ... on level 2 of the Dungeon on June 16, 2022.
             The game lasted 00:04:01 (1157 turns).

moldycheese5 the Sneak (Vine Stalker Enchanter)     Turns: 1157, Time: 00:04:02

Health: 0/16       AC:  7    Str: 10    XL:     3   Next: 33%
Magic:  0/7        EV: 10    Int: 15    God:
Gold:   39         SH:  0    Dex: 16    Spells: 6/6 levels left

rFire   . . .      SeeInvis .   g - +3 dagger
rCold   + . .      Faith    .   (no shield)
rNeg    . . .      Spirit   +   f - +2 ring mail {rC+}
rPois   .          Reflect  .   (no helmet)
rElec   .          Harm     .   (no cloak)
rCorr   .          Rampage  .   (no gloves)
Will    .....                   (no boots)
Stlth   ++........              (no amulet)
HPRegen 0.05/turn               (no ring)
MPRegen 0.10/turn               (no ring)

@: no status effects
A: fangs 2, magic shield, antimagic bite, no potion heal 2
a: no special abilities


You were on level 2 of the Dungeon.
You visited 1 branch of the dungeon, and saw 2 of its levels.

You collected 39 gold pieces.

Inventory:

Hand Weapons
 a - a +1 dagger
 g - a +3 dagger (weapon)
Armour
 b - a +0 robe
 f - a +2 ring mail of cold resistance (worn)
Scrolls
 h - a scroll of fear {unknown}
 i - a scroll of blinking {unknown}
Potions
 c - 2 potions of invisibility
 d - a potion of curing {unknown}


   Skills:
 + Level 1.3 Short Blades
 + Level 1.8 Dodging
 + Level 4.2 Stealth
 + Level 2.3 Spellcasting
 + Level 3.4 Hexes


You had 6 spell levels left.
You didn't know any spells.
Your spell library contained the following spells:

 Spells                   Type           Power      Damage    Failure   Level
 Ensorcelled Hibernation  Hex/Ice        12%        N/A       38%         2
 Confusing Touch          Hex            12%        N/A       38%         3
 Tukima's Dance           Hex            12%        N/A       38%         3
 Dazzling Flash           Conj/Hex       12%        N/A       63%         3


Dungeon Overview and Level Annotations

Branches:
Dungeon (2/15)

Altars:


Innate Abilities, Weirdness & Mutations

You have extremely sharp teeth.
When hurt, damage is shared between your health and your magic reserves.
Your bite disrupts and absorbs the magic of your enemies.
Potions cannot restore your health.


Message History

You are too injured to fight recklessly!
You are too injured to fight recklessly!
You are too injured to fight recklessly!
You are too injured to fight recklessly!
You are too injured to fight recklessly!
You are too injured to fight recklessly!
You are too injured to fight recklessly!
You are too injured to fight recklessly!
You are too injured to fight recklessly!
You are too injured to fight recklessly!
You are too injured to fight recklessly!
You are too injured to fight recklessly!
You are too injured to fight recklessly!
You are too injured to fight recklessly!
You are too injured to fight recklessly!
You are too injured to fight recklessly!
You are too injured to fight recklessly!
You are too injured to fight recklessly!
You are too injured to fight recklessly!
You are too injured to fight recklessly!
You are too injured to fight recklessly!
You are too injured to fight recklessly!
You hit the gnoll.
The gnoll is almost dead.
The gnoll barely misses you. The gnoll hits you but does no damage.
The gnoll misses you.
You hit the gnoll.
You kill the gnoll!
The gnoll hits you from afar with a +0 spear.
The gnoll barely misses you.
You closely miss the adder. Your bite misses the adder.
The adder bites you but does no damage.
The gnoll hits you from afar with a +0 spear!
* * * LOW HITPOINT WARNING * * *
The adder completely misses you.
As you read the scroll labelled UTSUYC CALAONU, it crumbles to dust.
It is a scroll of amnesia.
You feel forgetful for a moment. The adder barely misses you.
The gnoll hits you from afar with a +0 spear.
You die...

...###......# ..
...........##..
.#.$. #...#......
....
#..##..#..##... ##
#......#...... ..
###....###.....##.#
#....#......#g.gb.
#...##.....##Sg#
##.......#....@#
#.......##.##..#
#.....#.....#..##
#.#..##...###.##
...#.....#.....# ..
#######.##### # .
##...# . ###..#.#
#.# #...##...


You could see 3 gnolls, an adder and a bat.

Vanquished Creatures
  A gnoll (D:2)
  3 endoplasms
  A giant cockroach (D:1)
  4 goblins (D:1)
  3 hobgoblins
  A kobold (D:1)
  A quokka (D:1)
  3 bats
  2 frilled lizards (D:1)
  3 rats (D:1)
22 creatures vanquished.

Notes
Turn   | Place    | Note
-------+----------+-------------------------------------------
     0 | D:1      | moldycheese5 the Vine Stalker Enchanter began the quest for
                  | the Orb.
     0 | D:1      | Reached XP level 1. HP: 9/9 MP: 4/4
   268 | D:1      | Reached skill level 1 in Short Blades
   268 | D:1      | Reached XP level 2. HP: 13/13 MP: 6/6
   277 | D:1      | Found a faded altar of an unknown god.
  1000 | D:1      | Upgraded the game from 0.29-a0-598-gd8304a5bf4 to
                  | 0.29-a0-613-gf2c431b9b9
  1041 | D:2      | Reached skill level 4 in Stealth
  1055 | D:2      | Reached XP level 3. HP: 16/16 MP: 7/7
  1157 | D:2      | Slain by a gnoll

Illustrated notes

Levels and vault maps discovered:
D:1:      amcnicky_arrival_choice, layout_loops_corners,
          hellmonk_ecumenical_altar_blasted
D:2:      layout_rooms, hangedman_decor_points, minmay_tripent

Skill      XL: |  1  2 |
---------------+-------+-----
Short Blades   | 1 |  1.3
Stealth        | 4 |  4.2
Dodging        | |  1.8
Spellcasting   | |  2.3
Hexes          | |  3.4

Action                   || total
-------------------------++-------
Melee: Dagger            ||    63
       Bite              ||    17
  Use: Scroll            ||     2
 Stab: Sleeping          ||     3
Armor: Robe              ||    10
       Ring mail         ||    11
Dodge: Dodged            ||    33

Table legend: (Time is in decaauts)
 A = Elapsed time spent in this place.
 B = Non-inter-level travel time spent in this place.
 C = Inter-level travel time spent in this place.
 D = Time resting spent in this place.
 E = Time spent auto-exploring this place.
 F = Levels seen in this place.
 G = Mean time per level.
                   A        B        C        D        E       F      G
               +--------+--------+--------+--------+--------+-----+--------+
         Total |   1153 |   1112 |     41 |      0 |    931 |   2 |  576.5 |
       Dungeon |   1153 |   1112 |     41 |      0 |    931 |   2 |  576.5 |
               +--------+--------+--------+--------+--------+-----+--------+

Top non-repeatable levels by time:
     D:1: 1020 daAuts
     D:2: 132 daAuts
